 Dungeon Crawl Stone Soup version 0.31-a0-204-g7da18cac08 (webtiles) character file.

Game seed: 16883895949081959342

104731 olmar the Bludgeoner (level 15, -7/146 HPs)
             Began as an Armataur Fighter on June 27, 2023.
             Was an Initiate of Gozag.
             Mangled by a skeletal warrior
             ... wielding a +0 glaive of venom
             ... led by a death knight
              (33 damage)
             ... on level 14 of the Dungeon on June 28, 2023.
             The game lasted 00:49:49 (30311 turns).

olmar the Bludgeoner (Armataur Fighter)            Turns: 30311, Time: 00:49:50

Health: -7/146     AC: 21    Str: 27    XL:     15   Next: 92%
Magic:  11/15      EV: 10    Int: 10    God:    Gozag
Gold:   1250       SH: 16    Dex: 12    Spells: 14/14 levels left

rFire   . . .        p - +6 morningstar of Wyrd {elec, Fly Int+2}
rCold   + + .        s - +2 tower shield {rC+}
rNeg    + . .        T - +2 plate armour {rC+}
rPois   .            h - +0 helmet
rElec   .            Q - scarf {harm}
rCorr   +            i - +1 pair of gloves {infuse}
SInv    .            (no barding)
Will    +....        S - amulet of regeneration
Stlth   x              - ring of Ekovuj {+Blink rN+ rCorr}
HPRegen 1.24/turn    P - +5 ring of evasion
MPRegen 0.14/turn

%: harm (+30% outgoing, +20% incoming), roll, infuse magic (1 MP)
@: lethally poisoned (-7 -> -23), gold aura, flying
A: large, rugged brown scales 3, deformed body, armoured tail, roll, long
tongue, awkward tongue
a: Renounce Religion, Evoke Blink, Potion Petition, Call Merchant, Bribe Branch


You were on level 14 of the Dungeon.
You worshipped Gozag.
Gozag was most pleased with you.
You visited 5 branches of the dungeon, and saw 23 of its levels.
You also visited: Sewer, Ossuary and Bailey.

You collected 8558 gold pieces.
You spent 4206 gold pieces at shops.
You paid 3102 gold pieces to Gozag.

Inventory:

Hand Weapons
 p - the +6 morningstar of Wyrd (weapon) {elec, Fly Int+2}
   (You bought it in a shop on level 1 of the Orcish Mines)

   Int:       It affects your intelligence (+2).
   Fly:       It grants you flight.
Missiles
 t - 6 silver javelins
 v - 6 curare-tipped darts
 O - 23 poisoned darts (quivered)
Armour
 h - a +0 helmet (worn)
 i - a +1 pair of gloves of infusion (worn)
 s - a +2 tower shield of cold resistance (worn)
 Q - a scarf of harm (worn)
 T - a +2 plate armour of cold resistance (worn)
Jewellery
 b - an amulet of reflection
 x - the ring of Ekovuj (left hand) {+Blink rN+ rCorr}
   (You found it on level 2 of the Lair of Beasts)

   [ring of resist corrosion]

   rN:        It protects you from negative energy.
   +Blink:    It lets you blink.
   rCorr:     It protects you from acid and corrosion.
 y - a ring of positive energy
 H - a ring of willpower
 P - a +5 ring of evasion (right hand)
 S - an amulet of regeneration (around neck)
Wands
 w - a wand of digging (11)
 L - a wand of mindburst (12)
 N - a wand of polymorph (2)
 R - a wand of light (12)
 Z - a wand of flame (9)
Scrolls
 a - a scroll of poison
 k - a scroll of summoning
 m - 3 scrolls of teleportation
 n - 2 scrolls of enchant weapon
 r - 3 scrolls of enchant armour
 u - 4 scrolls of fear
 z - 2 scrolls of identify
 E - 5 scrolls of blinking
 G - 5 scrolls of revelation
 U - 2 scrolls of amnesia
 Y - 2 scrolls of fog
Potions
 c - 3 potions of magic
 d - a potion of invisibility
 e - a potion of cancellation
 f - 2 potions of lignification
 j - 3 potions of enlightenment
 l - 2 potions of degeneration
 A - 4 potions of resistance
 C - 6 potions of attraction
 D - 2 potions of mutation
 F - a potion of haste
 I - a potion of ambrosia
 K - 3 potions of might
 M - 2 potions of heal wounds
 X - 4 potions of curing
Miscellaneous
 g - a piece from Xom's chessboard (15/15)
 q - a phantom mirror


   Skills:
 + Level 13.8 Fighting
 + Level 16.7 Maces & Flails
 - Level 0.2 Throwing
 + Level 16.3 Armour
 + Level 4.3 Dodging
 + Level 5.6 Stealth
 + Level 7.4 Shields
 + Level 5.9 Evocations


You had 14 spell levels left.
You didn't know any spells.
Your spell library contained the following spells:

 Spells                   Type           Power      Damage    Failure   Level
 Beastly Appendage        Tmut           0%         N/A       100%        1
 Blink                    Tloc           0%         N/A       100%        2
 Lesser Beckoning         Tloc           0%         N/A       100%        2
 Momentum Strike          Conj/Tloc      0%         3d8       100%        2
 Scorch                   Fire           0%         2d5       100%        2
 Wereblood                Tmut           0%         N/A       100%        2
 Call Canine Familiar     Summ           0%         N/A       100%        3
 Ozocubu's Armour         Ice            0%         N/A       100%        3
 Portal Projectile        Hex/Tloc       0%         N/A       100%        3
 Spider Form              Tmut/Pois      0%         N/A       100%        3
 Summon Guardian Golem    Hex/Summ       0%         N/A       100%        3
 Flame Wave               Conj/Fire      0%         2d4       100%        4
 Leda's Liquefaction      Hex/Erth       0%         N/A       100%        4
 Passage of Golubria      Tloc           0%         N/A       100%        4
 Metabolic Englaciation   Hex/Ice        0%         N/A       100%        5
 Silence                  Hex/Air        0%         N/A       100%        5
 Summon Cactus Giant      Summ           0%         N/A       100%        6
 Orb of Destruction       Conj           0%         9d5       100%        7
 Ozocubu's Refrigeration  Ice            0%         4d7       100%        7
 Spellforged Servitor     Conj/Summ      0%         N/A       100%        7
 Storm Form               Tmut/Air       0%         N/A       100%        7
 Lehudib's Crystal Spear  Conj/Erth      0%         10d2      100%        8
 Maxwell's Capacitive Co  Air            0%         ∞         100%        8
 Polar Vortex             Ice            0%         N/A       100%        9
 Simulacrum               Ice/Necr       Unusable   N/A       N/A         6

Dungeon Overview and Level Annotations

Branches:
Dungeon (14/15)            Temple (1/1) D:4            Lair (5/5) D:11
  Swamp (0/4) Lair:3       Spider (0/4) Lair:2        Slime (0/5) Lair:5
    Orc (2/2) D:11            Elf (1/3) Orc:2        Vaults (0/5) D:13
  Sewer (visited)         Ossuary (visited)          Bailey (visited)

Altars:
Ashenzari
Cheibriados
Dithmenos
Elyvilon
Fedhas
Gozag
Hepliaklqana
Kikubaaqudgha
Makhleb
Nemelex Xobeh
Okawaru
Qazlal
Ru
Sif Muna
Trog
Uskayaw
Vehumet
Wu Jian
Xom
Yredelemnul
Zin
The Shining One
Jiyva

Shops:
D:4 (   D:6 (   D:7 *   D:8 =   D:13 *   Orc:1 *([   Orc:2 **?:

Annotations:
D:4 1 runed translucent door, Crazy Yiuf
Temple 2 transporters
Lair:5 2 transporters, BubbleThief's ghost, journeyman NaFE


Innate Abilities, Weirdness & Mutations

You are completely covered in rugged brown scales. (AC +3, +7% HP)
Armour fits poorly on your strangely shaped body.
You have a long armoured tail.
You roll when moving toward enemies. (Rampage)
Your long tongue fully drains potion bottles. (2x potion effects)
Your tongue gives you trouble enunciating. (1.5x scroll delay)


Message History

You destroy the molten gargoyle!
You now have 1250 gold pieces (gained 8).
You hear a sizzling splash.
A death knight is nearby!
Unknown command.
You roll towards the death knight!
You hit the death knight.
Lightning courses through the death knight!
You tail-slap the death knight, but do no damage.
The death knight is moderately wounded.
A wraith and a skeletal warrior come into view.
You barely miss the death knight.
The death knight is moderately wounded.
The death knight offers itself to Yredelemnul, and fills with unholy energy.
You puncture the death knight!
Lightning courses through the death knight!
The death knight is heavily wounded.
The death knight reflects your damage back at you!
The skeletal warrior hits you but does no damage.
You are poisoned.
The death knight hits you with a +2 glaive!!
You closely miss the death knight.
The death knight is heavily wounded.
You feel very sick.
The skeletal warrior hits you from afar with a +0 glaive of venom!
You are more poisoned.
You block the death knight's attack.
The wraith is distracted by your dazzling golden aura.
You bludgeon the death knight!!
Lightning courses through the death knight!
You kill the death knight!
Your damage is reflected back at you!
You feel very sick.
The skeletal warrior hits you from afar with a +0 glaive of venom!!
* * * LOW HITPOINT WARNING * * *
You are more poisoned.
You feel extremely sick.
The wraith is no longer distracted by gold.
The skeletal warrior hits you from afar with a +0 glaive of venom!!
You die...
Your body crumbles into a pile of gold.

.#[# #.##.. ..... #.#
.#...≈ .#.### #.# .§.≈§≈
##.# #.# .z§§≈# ##.# #.#
##.≈≈≈≈# .#.# #.# #.W≈≈≈
$ )..# #.#####z≈≈
##.########....##W######.
##..........##..@........
##.##############.######.
##.# #.§≈≈≈§# ##.#
#..§§≈§# ##.# ##.≈§§≈#
##.# #..≈§≈# ##.#
##..≈≈§§ #..# #...≈≈≈
..## ##....


You could see 2 skeletal warriors and 2 wraiths.

Vanquished Creatures
  Jorgrun (Orc:1)
  8 vault guards (D:13)
  4 hydras
  A ghost crab (Lair:3)
  5 catoblepae
  2 centaur warriors
  2 death knights (D:14)
  2 boulder beetles
  5 two-headed ogres
  20 death yaks
  A tengu warrior (D:10)
  3 orc high priests (Orc:2)
  2 skysharks (Lair:3)
  A fire crab (Lair:5)
  An iron troll (D:13)
  2 deep trolls (D:13)
  5 skeletal warriors (D:14)
  2 spectral hydras (Lair:3)
  A phantasmal warrior (D:14)
  A spectral boulder beetle (Lair:3)
  3 deep elf pyromancers
  A wolf spider (D:10)
  6 orc knights
  An oklob plant (Lair:3)
  4 cyclopes
  6 orc sorcerers
  4 manticores
  17 elephants
  9 ugly things
  Maurice (D:8)
  A guardian serpent (shapeshifter) (D:10)
  A black mamba (Lair:4)
  A molten gargoyle (D:14)
  A gargoyle (D:12)
  8 cane toads
  An unseen horror (D:11)
  3 rime drakes (Lair:2)
  8 komodo dragons
  A kobold demonologist (D:11)
  An efreet (D:13)
  A tengu conjurer (D:10)
  A queen bee (Lair:2)
  3 meliai (Lair:2)
  A polar bear (Lair:3)
  A polar bear (shapeshifter) (D:14)
  7 trolls
  A merfolk (shapeshifter) (D:13)
  5 blink frogs
  A hornet (D:10)
  7 dream sheep
  A spectral elephant (Lair:3)
  3 slime creatures (D:12)
  A spectral black mamba (Lair:3)
  A shadow (D:10)
  7 wraiths
  A water elemental (D:11)
  A vampire (D:12)
  8 wyverns
  Eustachio (D:4)
  Grum (D:11)
  4 steam dragons
  82 yaks
  A fire elemental (D:14)
  4 basilisks
  3 redbacks (Lair:2)
  7 vampire mosquitoes
  Menkaure (D:4)
  A warg (Orc:2)
  5 acid dragons
  11 water moccasins
  4 ice beasts
  5 black bears
  31 orc warriors
  A sky beast (D:7)
  5 ogres
  27 wolves
  2 phantoms
  13 centaurs
  6 kobold brigands
  12 bullfrogs
  2 scorpions
  7 wights
  38 killer bees
  6 electric eels
  9 howler monkeys
  A centaur zombie (Ossuary)
  6 jellies
  17 orc priests
  A hound (D:5)
  A gnoll bouda (D:8)
  3 sleepcaps
  2 iguanas
  18 orc wizards
  3 mummies
  9 adders
  5 gnolls (D:8)
  7 river rats
  A shadow imp (D:5)
  2 white imps (D:7)
  A worm (D:2)
  4 dart slugs
  66 orcs
  13 ball pythons
  7 endoplasms
  2 giant cockroaches (D:1)
  3 gnoll zombies (Ossuary)
  6 goblins
  3 hobgoblins
  4 jackals (D:1)
  26 kobolds
  3 quokkas
  6 bats
  6 frilled lizards
  3 goblin zombies (Ossuary)
  3 hobgoblin zombies (Ossuary)
  4 orc zombies (Ossuary)
  27 rats
750 creatures vanquished.

Vanquished Creatures (collateral kills)
  2 killer bees (D:9)
  An orc (D:7)
  3 kobolds (D:8)
6 creatures vanquished.

Vanquished Creatures (others)
  2 killer bees
  2 orcs
4 creatures vanquished.

Grand Total: 760 creatures vanquished

Notes
Turn   | Place    | Note
-------+----------+-------------------------------------------
     0 | D:1      | olmar the Armataur Fighter began the quest for the Orb.
     0 | D:1      | Reached XP level 1. HP: 19/19 MP: 1/1
    59 | D:1      | Reached XP level 2. HP: 25/26 MP: 2/2
   392 | D:1      | Reached XP level 3. HP: 29/33 MP: 3/3
  1729 | D:3      | Reached XP level 4. HP: 34/40 MP: 4/4
  2038 | D:3      | Found a faded altar of an unknown god.
  2045 | D:3      | Prayed at the altar of an unknown god.
  2045 | D:3      | Became a worshipper of Ashenzari the Shackled
  2171 | D:4      | Found a sand-covered staircase.
  2180 | Ossuary  | Entered an ossuary
  2212 | Ossuary  | Reached XP level 5. HP: 23/48 MP: 5/5
  2248 | Ossuary  | HP: 1/48 [mummy (10)]
  2587 | D:4      | Noticed an ogre
  2594 | D:4      | Killed an ogre
  2775 | D:4      | Reached XP level 6. HP: 54/55 MP: 6/6
  2856 | D:4      | Found Nyol's Antique Weapon Shop.
  2858 | D:4      | Noticed Eustachio
  2876 | D:4      | Killed Eustachio
  2877 | D:4      | Reached skill level 5 in Armour
  3029 | D:4      | Found a staircase to the Ecumenical Temple.
  3037 | Temple   | Entered the Ecumenical Temple
  3037 | Temple   | Found a transporter.
  3037 | Temple   | Found a transporter.
  3039 | Temple   | Found a transporter.
  3039 | Temple   | Found a transporter.
  3058 | Temple   | Fell from the grace of Ashenzari
  3162 | Temple   | Became a worshipper of Gozag Ym Sagoz the Greedy
  3335 | D:4      | Found a runed translucent door.
  3336 | D:4      | Noticed Crazy Yiuf
  3448 | D:4      | Noticed Menkaure
  3475 | D:4      | Killed Menkaure
  3476 | D:4      | Reached skill level 5 in Maces & Flails
  3476 | D:4      | Reached XP level 7. HP: 27/63 MP: 7/7
  3923 | D:5      | Entered Level 5 of the Dungeon
  3946 | D:5      | Found a glowing drain.
  3981 | Sewer    | Entered a sewer
  4859 | D:5      | Was forgiven by Ashenzari
  5028 | D:5      | Found an ornate altar of the Wu Jian Council.
  5052 | D:5      | Noticed a wyvern
  5060 | D:5      | Killed a wyvern
  5061 | D:5      | Reached XP level 8. HP: 67/71 MP: 8/8
  5180 | D:5      | Found a hide-covered altar of Uskayaw.
  5180 | D:5      | Found a glowing golden altar of the Shining One.
  5467 | D:5      | Reached skill level 5 in Fighting
  6214 | D:6      | Reached XP level 9. HP: 67/79 MP: 9/9
  6702 | D:6      | Found Ruguc's Antique Weapon Emporium.
  7090 | D:6      | Found a bloodstained altar of Trog.
  7362 | D:7      | Found a flagged portal.
  7369 | D:7      | Found Ixzit's General Store.
  7404 | D:7      | Bought a potion of heal wounds for 70 gold pieces
  7404 | D:7      | Bought a scarf of harm for 126 gold pieces
  7404 | D:7      | Bought a scroll of enchant weapon for 105 gold pieces
  7404 | D:7      | Bought a scroll of teleportation for 42 gold pieces
  7404 | D:7      | Bought a wand of light (3) for 176 gold pieces
  7425 | Bailey   | Entered a bailey
  7744 | Bailey   | Reached skill level 10 in Maces & Flails
  8087 | Bailey   | Noticed an orc knight
  8099 | Bailey   | Killed an orc knight
  8100 | Bailey   | Reached XP level 10. HP: 52/88 MP: 10/10
  8964 | D:7      | Bought a wand of charming (6) for 201 gold pieces
  8982 | D:8      | Reached skill level 1 in Evocations
  9135 | D:8      | Found a glowing silver altar of Zin.
  9210 | D:8      | Noticed Maurice
  9258 | D:8      | Killed Maurice
  9384 | D:8      | Found a shimmering blue altar of Sif Muna.
  9385 | D:8      | Noticed a two-headed ogre
  9394 | D:8      | Killed a two-headed ogre
  9613 | D:8      | Found Utzugh's Jewellery Emporium.
 10277 | D:9      | Noticed a two-headed ogre
 10281 | D:9      | Killed a two-headed ogre
 10558 | D:9      | Reached XP level 11. HP: 69/98 MP: 11/11
 11157 | D:9      | Found a basalt altar of Yredelemnul.
 11246 | D:9      | Found a sacrificial altar of Ru.
 11596 | D:10     | Entered Level 10 of the Dungeon
 11642 | D:10     | Found a large runed translucent door.
 11643 | D:10     | Found a large runed translucent door.
 11643 | D:10     | Noticed a two-headed ogre
 11676 | D:10     | Noticed a two-headed ogre
 11681 | D:10     | Killed a two-headed ogre
 11682 | D:10     | Reached skill level 1 in Stealth
 11903 | D:10     | Noticed a two-headed ogre
 11911 | D:10     | Killed a two-headed ogre
 12269 | D:10     | Noticed a wolf spider
 12269 | D:10     | Noticed a purple ugly thing
 12275 | D:10     | Killed a wolf spider
 12278 | D:10     | Killed a purple ugly thing
 12464 | D:10     | Noticed a deep elf pyromancer
 12672 | D:10     | Found a snail-covered altar of Cheibriados.
 12917 | D:10     | Found a blossoming altar of Fedhas.
 12947 | D:10     | Found a shadowy altar of Dithmenos.
 13408 | D:10     | Killed a deep elf pyromancer
 13682 | D:10     | Noticed a boulder beetle
 13687 | D:10     | Killed a boulder beetle
 13717 | D:10     | Noticed a deep elf pyromancer
 13722 | D:10     | Noticed a tengu warrior
 13725 | D:10     | Killed a deep elf pyromancer
 13729 | D:10     | Reached XP level 12. HP: 111/111 MP: 12/12
 13735 | D:10     | Killed a tengu warrior
 13742 | D:10     | Reached skill level 10 in Armour
 14026 | D:10     | Killed a two-headed ogre
 14125 | D:10     | Found a white marble altar of Elyvilon.
 14128 | D:10     | Found a stormy altar of Qazlal.
 14240 | D:11     | Noticed Grum
 14259 | D:11     | Killed Grum
 14526 | D:11     | Found a staircase to the Orcish Mines.
 15244 | D:11     | Reached skill level 1 in Dodging
 15831 | D:11     | Found a staircase to the Lair.
 15944 | Lair:1   | Entered Level 1 of the Lair of Beasts
 16410 | Lair:1   | Reached skill level 10 in Fighting
 17530 | Lair:2   | Reached XP level 13. HP: 71/120 MP: 8/13
 18574 | Lair:2   | Found a hole to the Spider Nest.
 18801 | Lair:2   | Identified the ring of Ekovuj {+Blink rN+ rCorr}
 19790 | Lair:3   | Reached skill level 15 in Maces & Flails
 19794 | Lair:3   | Reached skill level 5 in Evocations
 21139 | Lair:3   | Found a staircase to the Swamp.
 21148 | Lair:3   | Reached XP level 14. HP: 118/132 MP: 9/14
 22689 | Lair:5   | Entered Level 5 of the Lair of Beasts
 22748 | Lair:5   | Reached skill level 5 in Stealth
 23324 | Lair:5   | Found a transporter.
 23370 | Lair:5   | Noticed BubbleThief's ghost (journeyman NaFE)
 23382 | Lair:5   | Found a staircase to the Slime Pits.
 23388 | Lair:5   | Found a viscous altar of Jiyva.
 23805 | Lair:5   | Found a transporter.
 24324 | Lair:5   | Reached skill level 15 in Armour
 25046 | D:12     | Reached XP level 15. HP: 143/143 MP: 13/15
 25205 | Orc:1    | Entered Level 1 of the Orcish Mines
 25218 | Orc:1    | Noticed Jorgrun
 25362 | Orc:1    | Killed Jorgrun
 25613 | Orc:1    | Found Lyrouc's Overcharged Wands.
 25883 | Orc:2    | Entered Level 2 of the Orcish Mines
 25891 | Orc:1    | Bought the +6 morningstar of Wyrd {elec, Fly Int+2} for 799
                  | gold pieces
 25896 | Orc:1    | Bought a shiny tower shield for 255 gold pieces
 25901 | Orc:1    | Bought a runed plate armour for 884 gold pieces
 25901 | Orc:1    | Bought a runed plate armour for 884 gold pieces
 26418 | Orc:2    | Found a staircase to the Elven Halls.
 27499 | Orc:2    | Found Siqobbai's Magic Scroll Boutique.
 27499 | Orc:2    | Found Toxtuqya's Book Emporium.
 27502 | Orc:2    | Found Ruomuid's Assorted Antiques.
 27502 | Orc:2    | Found Cihaatu's Assorted Antiques.
 27508 | Orc:2    | Bought a scroll of fog for 56 gold pieces
 27510 | Orc:2    | Bought a scroll of teleportation for 96 gold pieces
 27510 | Orc:2    | Bought a scroll of teleportation for 96 gold pieces
 27510 | Orc:2    | Bought a potion of might for 128 gold pieces
 27511 | Orc:2    | Bought a potion of heal wounds for 160 gold pieces
 27511 | Orc:2    | Bought a potion of might for 128 gold pieces
 27544 | Elf:1    | Entered Level 1 of the Elven Halls
 27714 | D:12     | Reached skill level 5 in Shields
 29078 | D:13     | Found Bepnon's General Store.
 29241 | D:13     | Found a gate to the Vaults.
 30311 | D:14     | Mangled by a skeletal warrior

Illustrated notes

Levels and vault maps discovered:
D:1:      zelgadis_glass_arrival_small, layout_basic
D:2:      layout_basic
D:3:      layout_loops_cross, dreamdust_ecumenical_altar_hidden_monk_grotto
D:4:      layout_basic, minmay_temple_entry_glassed_door, serial_rivers,
          chequers_serial_rivers_small_b, chequers_serial_rivers_micro_b,
          chequers_serial_rivers_micro_d, chequers_serial_rivers_large_a,
          chequers_serial_rivers_room_b, serial_shops, shop_fountains,
          enter_ossuary_1, minmay_misc_feat_columns, uniq_eustachio,
          uniq_crazy_yiuf_cottage, uniq_menkaure
D:5:      layout_loops_ring, pdpol_wu_jian_five_deadly_venoms,
          chequers_temple_overflow_statue_of_worship,
          cheibrodos_sewer_entry_sluice, guppyfry_early_orc_mine
D:6:      layout_basic, lightli_temple_of_fire, serial_shops, shop
D:7:      layout_basic, enter_bailey_2, serial_shops, shop, grunt_ministairs_11
D:8:      layout_loops_ring, nicolae_sif_muna_condensation, zin_statuary,
          serial_shops, shop, uniq_maurice
D:9:      layout_cave_pools, mainiacjoe_overflow_two_lobes
D:10:     minmay_the_grid_3x2 [minmay_the_grid_embedded, minmay_the_grid_spikes,
          minmay_the_grid_large_cup, minmay_the_grid_mess,
          minmay_the_grid_doors, minmay_the_grid_prize_trominoes], layout_basic,
          nicolae_dithmenos_the_darkroom, overflow_temple_1_default,
          jmf_multi_god_temple2, chei_slow_surprise
D:11:     layout_basic, grunt_lair_entry_orc_guard_hut, orc_0_dummy, uniq_grum
D:12:     layout_grid_maze
D:13:     lemuel_troll_bridge, layout_basic, erik_vaults_2, serial_shops,
          nicolae_shop_stone
D:14:     minmay_connected_triangles_in_corner, layout_loops_ring,
          hangedman_decor_growths, grunt_decor_junction
Temple:   hellmonk_temple_divided_pantheon
Lair:1:   layout_roguey, grunt_megastairs_5
Lair:2:   regret_index_combs_of_tragedy, layout_regular_city,
          spider_nest_entry_a
Lair:3:   layout_misc_corridors, nicolae_swamp_entry_spooky,
          serial_bayou_shore_a
Lair:4:   layout_regular_city
Lair:5:   evilmike_catoblepas_cave, layout_big_grid,
          nicolae_slime_entry_field_trip, gammafunk_ghost_arena,
          serial_bayou_pond_d
Orc:1:    layout_caves, basic_altar, nicolae_shop_overcharged_wands,
          uniq_jorgrun
Orc:2:    grunt_orc_tribal_feast, layout_caves
Elf:1:    elf_arrival_002, layout_gridlike, hangedman_elf_represent, drop_trap,
          minmay_shop_star, grunt_megastairs_2

Skill      XL: |  1  2  3  4  5  6  7  8  9 10 11 12 13 14 15 |
---------------+----------------------------------------------+-----
Fighting       | 3 4 5 6 7 9 10 11 12 13 | 13.8
Maces & Flails | 2 3 4 5 8 10 12 13 14 15 16 | 16.7
Armour         | 4 5 7 9 12 14 15 16 | 16.3
Evocations     | 2 4 5 |  5.9
Stealth        | 1 4 5 |  5.6
Dodging        | 1 2 3 4 |  4.3
Shields        | 7 |  7.4
Throwing       | |  0.2

Action                     |  1- 3 |  4- 6 |  7- 9 | 10-12 | 13-15 || total
---------------------------+-------+-------+-------+-------+-------++-------
  Melee: Flail             |   140 |    83 |   352 |   278 |       ||   853
         Tailslap          |     6 |    11 |    46 |    69 |   132 ||   264
         Punch             |       |       |     2 |     3 |       ||     5
         Great mace        |       |       |    74 |       |       ||    74
         Dire flail        |       |       |       |   249 |   597 ||   846
         Morningstar       |       |       |       |       |   364 ||   364
  Throw: Javelin           |       |     1 |     7 |       |       ||     8
         Dart              |       |     1 |     6 |    32 |    31 ||    70
 Invoke: Curse Item        |       |     1 |       |       |       ||     1
         Shatter the Chain |       |     1 |       |       |       ||     1
         Renounce Religion |       |     1 |       |       |       ||     1
         Potion Petition   |       |       |     1 |     1 |       ||     2
         Call Merchant     |       |       |       |       |     2 ||     2
  Evoke: Wand              |       |       |     3 |    42 |    18 ||    63
         Phantom mirror    |       |       |       |       |     3 ||     3
         Piece from Xom's  |       |       |       |       |     1 ||     1
    Use: Scroll            |     1 |     3 |     8 |     9 |    10 ||    31
         Potion            |       |     3 |     7 |     5 |     4 ||    19
   Stab: Invisible         |       |       |     4 |       |     1 ||     5
         Distracted        |       |       |       |     8 |     3 ||    11
 Armour: Scale mail        |   112 |    67 |   375 |       |   175 ||   729
         Chain mail        |       |       |     1 |   101 |       ||   102
         Plate armour      |       |       |       |   129 |   247 ||   376
  Dodge: Dodged            |    63 |    42 |   271 |   228 |   458 ||  1062
  Block: Buckler           |    40 |    24 |       |       |       ||    64
         Tower shield      |       |       |       |       |   240 ||   240

Table legend: (Time is in decaauts)
 A = Elapsed time spent in this place.
 B = Non-inter-level travel time spent in this place.
 C = Inter-level travel time spent in this place.
 D = Time resting spent in this place.
 E = Time spent auto-exploring this place.
 F = Levels seen in this place.
 G = Mean time per level.
                   A        B        C        D        E       F      G
               +--------+--------+--------+--------+--------+-----+--------+
         Total |  30230 |  29191 |   1039 |   6014 |  18201 |  26 | 1162.7 |
       Dungeon |  17322 |  16711 |    611 |   3295 |  10820 |  14 | 1237.3 |
        Temple |    143 |    143 |      0 |    100 |      0 |   1 |  143.0 |
          Lair |   8623 |   8277 |    346 |   1619 |   5496 |   5 | 1724.6 |
  Orcish Mines |   2251 |   2171 |     80 |    515 |   1141 |   2 | 1125.5 |
   Elven Halls |      1 |      1 |      0 |      0 |      0 |   1 |    1.0 |
         Sewer |    881 |    881 |      0 |     65 |    459 |   1 |  881.0 |
       Ossuary |    325 |    325 |      0 |    167 |     51 |   1 |  325.0 |
        Bailey |    681 |    681 |      0 |    250 |    233 |   1 |  681.0 |
               +--------+--------+--------+--------+--------+-----+--------+

Top non-repeatable levels by time:
    D:10: 2566 daAuts
  Lair:2: 2509 daAuts
    D:11: 1938 daAuts
  Lair:5: 1691 daAuts
  Lair:3: 1683 daAuts
     D:9: 1588 daAuts
   Orc:2: 1502 daAuts
  Lair:4: 1442 daAuts
    D:12: 1433 daAuts
     D:6: 1400 daAuts
     D:4: 1382 daAuts
  Lair:1: 1296 daAuts
     D:5: 1225 daAuts
     D:8: 1057 daAuts
    D:13: 928 daAuts
